 Dungeon Crawl Stone Soup version 0.29-a0-234-g0dae59b3db (webtiles) character file.

Game seed: 14827923717348224317

94 spaghetti the Skirmisher (level 4, -5/39 HPs)
             Began as a Demonspawn Delver on Mar 3, 2022.
             Slain by an iguana (10 damage)
             ... on level 5 of the Dungeon.
             The game lasted 00:01:28 (531 turns).

spaghetti the Skirmisher (Demonspawn Delver)         Turns: 531, Time: 00:01:29

Health: -5/39      AC:  7    Str: 14    XL:     4   Next: 38%
Magic:  4/4        EV: 11    Int: 11    God:
Gold:   0          SH:  4    Dex: 15    Spells: 3/3 levels left

rFire   . . .      SeeInvis .   a - +0 falchion {long}
rCold   . . .      Faith    .   (no shield)
rNeg    . . .      Spirit   .   b - +0 leather armour
rPois   .          Reflect  .   (helmet restricted)
rElec   .          Harm     .   (no cloak)
rCorr   .          Rampage  .   (no gloves)
Will    .....                   (no boots)
Stlth   +++.......              (no amulet)
HPRegen 0.13/turn               (no ring)
MPRegen 0.09/turn               (no ring)

@: no status effects
A: antennae 1, icemail 1, condensation shield
a: no special abilities


You were on level 5 of the Dungeon.
You visited 1 branch of the dungeon, and saw 2 of its levels.


Innate Abilities, Weirdness & Mutations

You have a pair of small antennae on your head.
A meltable icy envelope protects you from harm. (AC +4)
A meltable shield of frost defends you. (SH +4)


   Skills:
 + Level 5.2 Fighting
 - Level 1.7 Long Blades
 - Level 1.7 Dodging
 - Level 4.5 Stealth


You had 3 spell levels left.
You didn't know any spells.
Your spell library was empty.

Inventory:

Hand Weapons
 a - a +0 falchion (weapon) {long}
Armour
 b - a +0 leather armour (worn)
Wands
 g - a wand of digging (3)
Scrolls
 c - a scroll of fog
 d - a scroll of magic mapping {!r}

Dungeon Overview and Level Annotations

Branches:
Dungeon (6/15)
 Temple: D:4-7

Altars:

### #@# ###l# #.#>#
#.#.# #######.#
#.#.# #....^..#
#.#.# #.#######
#.#.###.############
#.#....l............
#.......############


You could see an iguana.


Message History

You now have 39 max hp (-19).
You regained 6 hp, and now have 15/39 hp.
Unknown command.
You start resting.
An adder comes into view. 😮 HP[+11]
You regained 11 hp, and now have 26/39 hp.
Unknown command.
You hear a distant slurping noise. 😮 HP[+1]
You start resting.
You hear a distant slurping noise. x3 😎 HP[+12]
Your hp is fully restored (39).
You hear a distant slurping noise.
Things that are here:
a +0 club {mace}; a howler monkey skeleton; an orc skeleton You see here a +0 mace {mace}.
Things that are here:
a +0 club {mace}; a howler monkey skeleton; an orc skeleton An orc comes into view.
It is wielding a +0 dagger.
The orc moves out of view.
An orc comes into view. It is wielding a +0 falchion.
The orc shouts!
You hear an angry hiss.
You hear a shout!
(D) Dungeon
Where to? (? - help) Sorry, I don't know how to get there.
Things that are here:
a +0 club {mace}; a howler monkey skeleton; an orc skeleton You see here a +0 mace {mace}.
You start waiting.
An orc is nearby!
You slash the orc! The orc misses you.
You closely miss the orc. The orc completely misses you. The orc misses you.
You closely miss the orc. You block the orc's attack.
You hit the orc.
You kill the orc!
No target in view!
Items here: )) [ †.
(D) Dungeon
Where to? (Enter - D:4, ? - help) Sorry, I don't know how to get there.
Things that are here:
a +0 club {mace}; a howler monkey skeleton; an orc skeleton An iguana comes into view.
An iguana is nearby!
The iguana hisses angrily.
Things that are here:
a +0 club {mace}; a howler monkey skeleton; an orc skeleton
Items here: )) [ †.
The iguana hisses menacingly.
There is a stone staircase leading down here.
You climb downwards.
There is a stone staircase leading up here.
Unknown command.
Unknown command.
The white imp shouts, "Repent, thou paunchy folly-fallen wastrel!"
The white imp gestures at you. The puff of frost hits you. 😕 HP[-3]
You take 3 damage, and now have 36/39 hp.
You completely miss the white imp. The white imp barely misses you.
You completely miss the white imp. The white imp barely misses you.
A manticore comes into view. 😕 HP[+1]
You closely miss the white imp.
The white imp hits you but does no damage.
You barely miss the white imp.
The white imp hits you but does no damage.
You barely miss the white imp. The white imp hits you.
The white imp freezes you. The white imp hits you.
The white imp freezes you. 😮 HP[-12]
You take 12 damage, and now have 25/39 hp.
MASSIVE DAMAGE!! (PAUSE)
The white imp gestures at you. The puff of frost hits you. 😮 HP[-4]
You take 4 damage, and now have 21/39 hp.
The white imp gestures at you. The puff of frost misses you.
There is a stone staircase leading up here.
You climb upwards.
The iguana bites you!
* * * LOW HITPOINT WARNING * * *
There is a stone staircase leading down here. 😨 HP[-7]
You take 7 damage, and now have 14/39 hp.
Unknown command.
You aren't carrying any potions.
Okay, then.
You barely miss the iguana. The iguana closely misses you.
The iguana hisses menacingly.
The iguana bites you!
* * * LOW HITPOINT WARNING * * *
😱 HP[-10]
You take 10 damage, and now have 4/39 hp.
MASSIVE DAMAGE!! (PAUSE)
You hit the iguana. The iguana barely misses you.
You hit the iguana. The iguana barely misses you.
You hit the iguana. The iguana bites you!
You die...

Skill      XL: |  1  2  3 |
---------------+----------+-----
Fighting       | 4 5 |  5.2
Long Blades    | |  1.7
Dodging        | |  1.7
Stealth        | |  4.5

Action                   |  1- 3 |  4- 6 || total
-------------------------+-------+-------++-------
Melee: Falchion          |    30 |    13 ||    43
  Use: Potion            |     2 |       ||     2
       Scroll            |     1 |       ||     1
Armor: Skin              |    20 |       ||    20
       Leather armour    |       |     2 ||     2
Dodge: Dodged            |     2 |     9 ||    11
Block: Other             |     1 |     1 ||     2

Levels and vault maps discovered:
D:5:      layout_loops_ring, mainiacjoe_overflow_concentric_impassable,
          minmay_temple_entry_glassed_door, kennysheep_potato
D:6:      layout_loops_ring, grunt_qazlal_clouds,
          gammafunk_temple_overflow_wave, nicolae_shop_sticking_my_neck_out,
          uniq_duvessa

Notes
Turn   | Place    | Note
-------+----------+-------------------------------------------
     0 | D:5      | spaghetti the Demonspawn Delver began the quest for the
                  | Orb.
     0 | D:5      | Reached XP level 1. HP: 18/18 MP: 1/1
     0 | D:5      | magus.rc [v1.9.6]
    81 | D:5      | Noticed a howler monkey
    84 | D:5      | Noticed a scorpion
    95 | D:5      | HP: 3/27 [howler monkey (4)]
   124 | D:5      | HP: 3/27 [howler monkey (2)]
   125 | D:5      | Killed a howler monkey
   126 | D:5      | Reached skill level 4 in Fighting
   126 | D:5      | Gained mutation: A meltable shield of frost defends you.
                  | (SH +4) [demonic ancestry]
   126 | D:5      | Reached XP level 2. HP: 4/26 MP: 2/2
   126 | D:5      | Gained mutation: You have a pair of small antennae on your
                  | head. [demonic ancestry]
   126 | D:5      | Reached XP level 3. HP: 5/31 MP: 3/3
   138 | D:5      | Killed a scorpion
   139 | D:5      | Reached skill level 5 in Fighting
   139 | D:5      | Gained mutation: A meltable icy envelope protects you from
                  | harm. (AC +4) [demonic ancestry]
   139 | D:5      | Reached XP level 4. HP: 9/39 MP: 4/4
   518 | D:6      | Noticed a manticore
   526 | D:5      | HP: 4/39 [iguana (10)]
   531 | D:5      | Slain by an iguana

Vanquished Creatures
  A scorpion (D:5)
  A howler monkey (D:5)
  2 orcs (D:5)
4 creatures vanquished.

Table legend:
 A = Non-vault XP
 B = Vault XP
 C = Vault XP percentage of total XP
 D = Non-vault monster count
 E = Vault monster count
 F = Vault count percentage of total count
                 A         B        C        D         E       F
            +---------+---------+-------+---------+---------+-------
      Total |     135 |       0 |   0.0 |       4 |       0 |   0.0
            +---------+---------+-------+---------+---------+-------
        D:5 |     135 |       0 |   0.0 |       4 |       0 |   0.0
            +---------+---------+-------+---------+---------+-------

Illustrated notes

Table legend:
 A = Kills in this place as a percentage of kills in entire the game.
 B = Kills by you in this place as a percentage of kills by you in the entire game.
 C = Kills by friends in this place as a percentage of kills by friends in the entire game.
 D = Other kills in this place as a percentage of other kills in the entire game.
 E = Experience gained in this place as a percentage of experience gained in the entire game.
 F = Experience gained in this place divided by the number of levels of this place that you have seen.
                   A       B       C       D       E      F
               +-------+-------+-------+-------+-------+----------------------
         Total | 100.0 | 100.0 |   N/A |   N/A | 100.0 |  67.5
       Dungeon | 100.0 | 100.0 |   N/A |   N/A | 100.0 |  67.5
               +-------+-------+-------+-------+-------+----------------------

Table legend: (Time is in decaauts)
 A = Elapsed time spent in this place.
 B = Non-inter-level travel time spent in this place.
 C = Inter-level travel time spent in this place.
 D = Time resting spent in this place.
 E = Time spent auto-exploring this place.
 F = Levels seen in this place.
 G = Mean time per level.
                   A        B        C        D        E       F      G
               +--------+--------+--------+--------+--------+-----+--------+
         Total |    521 |    521 |      0 |    258 |    105 |   2 |  260.5 |
       Dungeon |    521 |    521 |      0 |    258 |    105 |   2 |  260.5 |
               +--------+--------+--------+--------+--------+-----+--------+

Top non-repeatable levels by time:
     D:5: 509 daAuts
     D:6: 11 daAuts
